 Dungeon Crawl Stone Soup version 0.23-a0-151-gf6d1ed2 (webtiles) character file.

34533 mopl the Martial Artist (level 13, -1/118 HPs)
             Began as a Barachi Transmuter on Sept 7, 2018.
             Was a High Priest of Cheibriados.
             Slain by an eight-headed hydra (17 damage)
             ... on level 4 of the Lair of Beasts.
             The game lasted 00:33:00 (13432 turns).

mopl the Martial Artist (Barachi Transmuter)       Turns: 13432, Time: 00:33:00

Health: -1/118     AC:  8    Str: 26    XL:     13   Next: 78%
Magic:  0/20       EV: 20    Int: 31    God:    Cheibriados [*****.]
Gold:   690        SH:  0    Dex: 28    Spells: 1/22 levels left

rFire    x . .     SeeInvis .     - Unarmed
rCold    + + +     Gourm    .   (shield currently unavailable)
rNeg     . . .     Faith    .   (armour currently unavailable)
rPois    +         Spirit   +   (helmet currently unavailable)
rElec    .         Reflect  .   (cloak currently unavailable)
rCorr    .         Harm     .   (gloves currently unavailable)
MR       .....                  (boots currently unavailable)
Stlth    ++........             u - amulet of guardian spirit
HPRegen  0.29/turn              b - ring of poison resistance
MPRegen  0.17/turn              y - +2 ring of evasion

@: ice-form, very slightly contaminated, very slow
A: large, +LOS, swims
a: End Transformation, Bend Time, Temporal Distortion, Slouch, Step From Time,
Renounce Religion


You were on level 4 of the Lair of Beasts.
You worshipped Cheibriados.
Cheibriados was extremely pleased with you.
You were not hungry.
You were a creature of crystalline ice.
You visited 2 branches of the dungeon, and saw 15 of its levels.
You visited the Abyss 1 time.

You collected 690 gold pieces.

Inventory:

Hand Weapons
 x - a +1 war axe of flaming
 J - a +6 blowgun
Missiles
 a - 346 arrows
 f - 301 stones
 i - 4 throwing nets
 z - 2 poisoned javelins
 B - 7 tomahawks (quivered)
 I - 6 curare-tipped needles
Armour
 g - a +0 pair of boots (melded)
 t - a +2 hat of magic resistance (melded)
 L - a +0 cloak (melded)
 Q - a +3 ring mail of magic resistance (melded)
Jewellery
 b - a ring of poison resistance (left front paw)
 c - an uncursed ring of protection from cold
 j - an uncursed ring of flight
 u - an amulet of guardian spirit (around neck)
 y - a +2 ring of evasion (right front paw)
Wands
 o - a wand of acid (10)
 s - a wand of digging (10)
 R - a wand of enslavement (12)
Scrolls
 e - 6 scrolls of teleportation
 h - 2 scrolls of fog
 q - a scroll of immolation {unknown}
 r - 3 scrolls of blinking
 v - 2 scrolls of noise {unknown}
 C - 4 scrolls of enchant weapon {unknown}
 D - a scroll of fear
 E - 2 scrolls of magic mapping
 F - 3 scrolls of remove curse
 K - a scroll of identify
 M - a scroll of random uselessness {unknown}
 P - a scroll of brand weapon
 S - a scroll of silence {!r}
 T - a scroll of enchant armour
Potions
 k - 2 potions of flight
 l - 7 potions of curing
 m - 2 potions of magic
 n - a potion of invisibility
 p - 2 potions of lignification {!q}
 w - a potion of might
 A - 2 potions of cancellation
 G - a potion of brilliance
 O - 2 potions of ambrosia
 V - 2 potions of heal wounds
Miscellaneous
 H - a lamp of fire
Comestibles
 d - 25 rations


   Skills:
 + Level 8.6 Fighting
 + Level 6.6 Throwing
 + Level 8.2 Dodging
 * Level 14.3 Unarmed Combat
 - Level 5.0 Spellcasting
 - Level 4.0 Hexes
 + Level 2.8 Charms
 + Level 2.6 Necromancy
 - Level 4.0 Translocations
 - Level 9.0 Transmutations
 - Level 4.0 Ice Magic
 - Level 2.0 Poison Magic
 + Level 8.1 Invocations


You had one spell level left.
You knew the following spells:

 Your Spells              Type           Power        Failure   Level  Hunger
a - Apportation           Tloc           ####..       1%          1    None
b - Spider Form           Tmut/Pois      #####.....   1%          3    None
c - Blade Hands           Tmut           ######....   3%          5    #####..
d - Ice Form              Ice/Tmut       #####...     3%          4    ###....
e - Blink                 Tloc           N/A          1%          2    None
r - Regeneration          Chrm/Necr      ###.......   5%          3    None
w - Sticks to Snakes      Tmut           ######..     1%          2    None
C - Confusing Touch       Hex            ####..       1%          1    None

Your spell library contained the following spells:

 Spells                   Type           Power        Failure   Level  Hunger
 Animate Skeleton         Necr           N/A          1%          1    None
 Beastly Appendage        Tmut           ######       1%          1    None
 Infusion                 Chrm           ####         1%          1    None
 Sting                    Conj/Pois      ##..         3%          1    None
 Magic Dart               Conj           #...         5%          1    None
 Summon Small Mammal      Summ           #...         5%          1    None
 Shroud of Golubria       Chrm/Tloc      ####......   1%          2    None
 Slow                     Hex            ####....     1%          2    None
 Song of Slaying          Chrm           ####....     2%          2    None
 Spectral Weapon          Hex/Chrm       ####....     4%          3    None
 Poisonous Vapours        Pois/Air       ##....       5%          2    None
 Dazzling Spray           Conj/Hex       ###...       7%          3    None
 Call Imp                 Summ           #.......     9%          2    None
 Searing Ray              Conj           #.....       9%          2    None
 Mephitic Cloud           Conj/Pois/Air  ##......     12%         3    None
 Conjure Flame            Conj/Fire      #.......     16%         3    None
 Force Lance              Conj/Tloc      ###.....     24%         4    ###....
 Fulminant Prism          Conj/Hex       ###.......   24%         4    ###....
 Olgreb's Toxic Radiance  Pois           ###.....     24%         4    ###....
 Iskenderun's Mystic Bla  Conj           #.......     47%         4    ###....
 Venom Bolt               Conj/Pois      ##........   69%         5    #####..


Dungeon Overview and Level Annotations

Branches:
Dungeon (11/15)            Temple (0/1) D:6            Lair (4/6) D:11
 Shoals (0/4) Lair:2        Snake (0/4) Lair:4
    Orc: D:9-12

Altars:
Ashenzari
Cheibriados
Fedhas
Qazlal
Vehumet
Xom
Zin
The Shining One

Annotations:
D:3 Grinder


Innate Abilities, Weirdness & Mutations

Shadows flee at your approach. (+LOS)
You can swim through water.
((You cover ground slowly.))
((You can hop long distances.))


Message History

The eight-headed hydra closely misses you.
The eight-headed hydra bites you! x2
The eight-headed hydra barely misses you.
The eight-headed hydra bites you.
The eight-headed hydra completely misses you.
You hit the eight-headed hydra. You freeze the eight-headed hydra.
The eight-headed hydra is heavily wounded.
Unknown command.
You punch the eight-headed hydra!
The eight-headed hydra seems to slow down.
You freeze the eight-headed hydra.
The eight-headed hydra is severely wounded.
The eight-headed hydra barely misses you.
The eight-headed hydra bites you! x2
* * * LOW HITPOINT WARNING * * *
The eight-headed hydra closely misses you.
The eight-headed hydra bites you!
* * * LOW HITPOINT WARNING * * *
The eight-headed hydra bites you!
You die...

......... . #..#.......
#.........#.#.....#.....
..........#.#............
..........P..............
..P...≈..................
...≈≈≈≈≈.#...............
..≈≈≈≈≈≈≈......#.†......#
.≈≈≈...≈≈≈...†###†.......
≈≈≈..P≈P≈≈≈.....YDt......
≈≈.......≈≈.#..†.....##..
≈≈...>...≈≈))......###
≈≈.P..P.P≈≈≈.<....##
≈≈≈.....≈≈≈..#..<.#
P≈≈≈...≈≈≈........#
..≈≈≈≈≈≈≈......##P#
...≈≈≈≈≈.......# ##
...≈≈.$.........#


You could see an eight-headed hydra and a crocodile.

Vanquished Creatures
  A tentacled starspawn (Abyss:2)
  The ghost of Thaneod the Cleaver, a journeyman VSFi of Trog (Lair:2)
  Harold (Lair:2)
  3 hydras
  6 death yaks (Lair:3)
  3 two-headed ogres
  A dancing weapon (Lair:2)
  A thrashing horror (Abyss:2)
  Nergalle (D:11)
  Sonja (Lair:3)
  3 wizards (D:10)
  A cyclops (D:9)
  An orc sorcerer (D:10)
  2 ugly things
  Psyche (D:11)
  A smoke demon (Abyss:2)
  4 spiny frogs
  A torpor snail (Lair:3)
  A gargoyle (D:9)
  2 komodo dragons (Lair:3)
  A kobold demonologist (D:11)
  2 hellwings (Abyss:2)
  3 trolls
  A polar bear (Lair:3)
  Prince Ribbit (D:8)
  4 hippogriffs
  A wyvern (Lair:1)
  3 large abominations (Abyss:2)
  2 ynoxinuls (Abyss:2)
  Eustachio (D:5)
  17 yaks
  Grum (D:8)
  2 basilisks
  Menkaure (D:7)
  A hungry ghost (D:6)
  2 nagas (Lair:4)
  8 water moccasins
  8 porcupines
  2 black bears
  2 orc warriors
  4 ice beasts
  3 sky beasts
  10 wolves
  2 small abominations (Abyss:2)
  A necrophage (D:10)
  A phantom (D:6)
  5 ogres
  6 centaurs
  8 crocodiles
  14 bullfrogs
  5 scorpions
  A wyvern skeleton (D:6)
  4 killer bees (D:9)
  A wight (D:9)
  3 howler monkeys (D:11)
  6 crimson imps
  A quasit (Abyss:2)
  A centaur zombie (D:6)
  5 hounds
  7 orc wizards
  2 centaur skeletons
  12 orc priests
  3 jellies
  An iron imp (Abyss:2)
  5 iguanas
  7 worker ants
  A killer bee zombie (D:6)
  A hound zombie (D:6)
  A howler monkey zombie (D:5)
  2 worker ant zombies
  3 gnolls (D:4)
  16 adders
  6 shadow imps
  A white imp (Abyss:2)
  An adder zombie (D:9)
  3 worms
  A dart slug (D:1)
  2 leopard geckos
  24 orcs
  A ball python (D:4)
  5 giant cockroaches
  2 goblins (D:2)
  5 hobgoblins
  12 jackals
  5 quokkas
  8 bats
  9 frilled lizards
  7 kobolds
  A leopard gecko skeleton (D:6)
  3 rats
337 creatures vanquished.

Vanquished Creatures (collateral kills)
  2 orcs (D:3)
2 creatures vanquished.

Vanquished Creatures (others)
  3 fungi
  2 plants (Lair:3)
5 creatures vanquished.

Grand Total: 344 creatures vanquished

Notes
Turn   | Place    | Note
-------+----------+-------------------------------------------
     0 | D:1      | mopl the Barachi Transmuter began the quest for the Orb.
     0 | D:1      | Reached XP level 1. HP: 15/15 MP: 3/3
   175 | D:1      | Reached XP level 2. HP: 20/21 MP: 5/5
   206 | D:1      | Learned a level 2 spell: Sticks to Snakes
   925 | D:2      | Reached skill level 4 in Unarmed Combat
   925 | D:2      | Reached XP level 3. HP: 26/26 MP: 6/6
   930 | D:2      | Learned a level 3 spell: Spider Form
  1191 | D:2      | Found a faded altar of an unknown god.
  1733 | D:3      | Reached skill level 3 in Transmutations
  1733 | D:3      | Reached skill level 1 in Poison Magic
  1733 | D:3      | Reached XP level 4. HP: 8/32 MP: 8/8
  2077 | D:3      | Noticed Grinder
  2082 | D:3      | Paralysed by Grinder for 6 turns
  2288 | D:4      | Reached skill level 3 in Spellcasting
  2288 | D:4      | Reached XP level 5. HP: 24/37 MP: 3/9
  2342 | D:4      | Learned a level 4 spell: Ice Form
  2848 | D:4      | Reached skill level 5 in Unarmed Combat
  2858 | D:4      | Reached skill level 1 in Ice Magic
  2858 | D:4      | Reached skill level 2 in Poison Magic
  2863 | D:4      | Reached XP level 6. HP: 15/43 MP: 6/11
  3303 | D:5      | Entered Level 5 of the Dungeon
  3556 | D:5      | Noticed Eustachio
  3571 | D:5      | Killed Eustachio
  3571 | D:5      | Reached skill level 2 in Ice Magic
  3779 | D:4      | Found a glowing silver altar of Zin.
  3782 | D:4      | Found a snail-covered altar of Cheibriados.
  3785 | D:4      | Found a glowing golden altar of the Shining One.
  3789 | D:4      | Became a worshipper of Cheibriados the Contemplative
  3930 | D:5      | Reached skill level 4 in Transmutations
  3930 | D:5      | Reached XP level 7. HP: 39/48 MP: 10/12
  4104 | D:5      | Reached skill level 6 in Unarmed Combat
  4373 | D:5      | Reached skill level 4 in Spellcasting
  4382 | D:5      | Learned a level 5 spell: Blade Hands
  4624 | D:6      | Reached skill level 1 in Invocations
  4716 | D:6      | Reached skill level 3 in Ice Magic
  4918 | D:6      | Reached XP level 8. HP: 42/54 MP: 8/14
  4946 | D:6      | Reached skill level 7 in Unarmed Combat
  4946 | D:6      | Reached skill level 2 in Invocations
  5049 | D:6      | Reached * piety under Cheibriados
  5064 | D:6      | Found a staircase to the Ecumenical Temple.
  5198 | D:6      | Reached skill level 5 in Transmutations
  5210 | D:6      | Reached skill level 4 in Ice Magic
  5581 | D:6      | Reached skill level 8 in Unarmed Combat
  5751 | D:6      | Reached skill level 3 in Invocations
  5819 | D:6      | Reached ** piety under Cheibriados
  5871 | D:6      | Reached XP level 9. HP: 38/59 MP: 7/15
  5944 | D:7      | Reached skill level 6 in Transmutations
  6081 | D:6      | Reached skill level 9 in Unarmed Combat
  6502 | D:7      | Reached skill level 4 in Invocations
  6770 | D:7      | Noticed Menkaure
  6777 | D:7      | Killed Menkaure
  6808 | D:8      | Noticed Grum
  6819 | D:7      | Reached skill level 10 in Unarmed Combat
  6893 | D:8      | Reached skill level 7 in Transmutations
  6947 | D:8      | Noticed Prince Ribbit
  6955 | D:8      | Reached *** piety under Cheibriados
  7018 | D:8      | Noticed a two-headed ogre
  7027 | D:8      | Found a shattered altar of Ashenzari.
  7056 | D:8      | Killed Prince Ribbit
  7056 | D:8      | Reached skill level 2 in Fighting
  7122 | D:7      | Reached skill level 3 in Dodging
  7122 | D:7      | Reached XP level 10. HP: 21/68 MP: 8/16
  7391 | D:8      | Reached skill level 5 in Invocations
  7472 | D:8      | Killed Grum
  7472 | D:8      | Reached skill level 3 in Fighting
  7608 | D:8      | Found a blossoming altar of Fedhas.
  7657 | D:8      | Killed a two-headed ogre
  7657 | D:8      | Reached skill level 1 in Throwing
  7760 | D:8      | Reached **** piety under Cheibriados
  7760 | D:8      | Reached skill level 11 in Unarmed Combat
  7923 | D:9      | Reached skill level 4 in Dodging
  7943 | D:9      | Noticed a purple ugly thing
  7949 | D:9      | Killed a purple ugly thing
  7949 | D:9      | Reached skill level 4 in Fighting
  7995 | D:9      | Learned a level 3 spell: Regeneration
  8010 | D:9      | Found a radiant altar of Vehumet.
  8045 | D:9      | Reached skill level 2 in Throwing
  8050 | D:9      | Noticed a two-headed ogre
  8057 | D:9      | Killed a two-headed ogre
  8057 | D:9      | Reached skill level 1 in Charms
  8057 | D:9      | Reached skill level 1 in Necromancy
  8057 | D:9      | Reached skill level 8 in Transmutations
  8154 | D:9      | Reached XP level 11. HP: 33/78 MP: 6/17
  8159 | D:9      | Noticed a cyclops
  8179 | D:9      | Killed a cyclops
  8291 | D:9      | Reached skill level 2 in Charms
  8322 | D:9      | Reached ***** piety under Cheibriados
  8330 | D:9      | Reached skill level 5 in Dodging
  8357 | D:9      | Got a bone hand axe
  8363 | D:9      | Got a polished plate armour
  8484 | D:9      | Noticed a two-headed ogre
  8485 | D:9      | Found a stormy altar of Qazlal.
  8497 | D:9      | Killed a two-headed ogre
  8497 | D:9      | Reached skill level 5 in Fighting
  8497 | D:9      | Reached skill level 3 in Throwing
  8497 | D:9      | Reached skill level 2 in Necromancy
  8497 | D:9      | Reached skill level 6 in Invocations
  8708 | D:9      | Got a twitching bone ring
  8713 | D:9      | Identified the ring "Mukour" {rC- Str+3 Dex+8} (You took it
                  | off a wight on level 9 of the Dungeon)
  8948 | D:10     | Entered Level 10 of the Dungeon
  8948 | D:10     | Noticed a wizard
  8951 | D:10     | Noticed an orc sorcerer
  8951 | D:10     | Noticed a wizard
  8952 | D:10     | Noticed a wizard
  8955 | D:10     | Noticed a sun demon
  9040 | D:10     | Cast into level 2 of the Abyss (a wizard)
  9040 | Abyss:2  | Found a corrupted altar of Lugonu.
  9075 | Abyss:2  | Reached skill level 12 in Unarmed Combat
  9181 | Abyss:2  | Noticed a thrashing horror
  9194 | Abyss:2  | Killed a thrashing horror
  9195 | Abyss:2  | Noticed a tentacled starspawn
  9202 | Abyss:2  | Killed a tentacled starspawn
  9202 | Abyss:2  | Reached skill level 6 in Fighting
  9202 | Abyss:2  | Reached skill level 4 in Throwing
  9202 | Abyss:2  | Reached skill level 6 in Dodging
  9330 | Abyss:2  | Found a corrupted altar of Lugonu.
  9386 | Abyss:2  | Found a corrupted altar of Lugonu.
  9502 | Abyss:2  | Noticed a large abomination
  9509 | Abyss:2  | Killed a large abomination
  9518 | Abyss:2  | Noticed a large abomination
  9520 | D:10     | Escaped the Abyss
  9524 | D:10     | Killed a wizard
  9524 | D:10     | Reached XP level 12. HP: 81/89 MP: 10/18
  9544 | D:10     | Learned a level 1 spell: Apportation
  9546 | D:10     | Learned a level 1 spell: Confusing Touch
  9618 | D:10     | Reached skill level 1 in Hexes
  9658 | D:10     | Reached skill level 7 in Invocations
 10040 | D:11     | Noticed Nergalle
 10043 | D:11     | Killed Nergalle
 10043 | D:11     | Reached skill level 7 in Fighting
 10043 | D:11     | Reached skill level 13 in Unarmed Combat
 10043 | D:11     | Reached skill level 2 in Hexes
 10050 | D:11     | Reached skill level 5 in Throwing
 10176 | D:11     | Reached skill level 1 in Translocations
 10365 | D:11     | Noticed an eight-headed hydra
 10372 | D:11     | Killed an eight-headed hydra
 10471 | D:11     | Noticed Psyche
 10479 | D:11     | Killed Psyche
 10489 | D:11     | Found a staircase to the Lair.
 10753 | Lair:1   | Entered Level 1 of the Lair of Beasts
 10765 | Lair:1   | Identified the +8 plate armour of Fext {rPois rCorr} (You
                  | found it on level 9 of the Dungeon)
 10795 | Lair:1   | Identified the +6 hand axe "Arcanum" {chop, MR++ Str-5
                  | Dex+4 Stlth+} (You found it on level 9 of the Dungeon)
 11139 | Lair:1   | Reached skill level 7 in Dodging
 11281 | Lair:1   | Noticed an eight-headed hydra
 11290 | Lair:1   | Killed an eight-headed hydra
 11290 | Lair:1   | Reached skill level 2 in Translocations
 11346 | Lair:1   | Reached skill level 3 in Hexes
 11624 | Lair:2   | Found a staircase to the Shoals.
 11726 | Lair:2   | Found a runed door.
 11845 | Lair:2   | Reached ****** piety under Cheibriados
 12006 | Lair:2   | Reached skill level 5 in Spellcasting
 12006 | Lair:2   | Gained mutation: You can hop long distances. [Barachi
                  | growth]
 12006 | Lair:2   | Reached XP level 13. HP: 88/98 MP: 17/20
 12011 | Lair:2   | Learned a level 2 spell: Blink
 12033 | Lair:2   | Noticed Harold
 12045 | Lair:2   | Killed Harold
 12045 | Lair:2   | Reached skill level 3 in Translocations
 12239 | Lair:2   | Found a shimmering altar of Xom.
 12239 | Lair:2   | Noticed Thaneod's ghost (journeyman VSFi)
 12249 | Lair:2   | Killed Thaneod's ghost
 12249 | Lair:2   | Reached skill level 8 in Fighting
 12429 | Lair:3   | Reached skill level 6 in Throwing
 12461 | Lair:3   | Reached skill level 4 in Hexes
 12480 | Lair:3   | Reached skill level 14 in Unarmed Combat
 12482 | Lair:3   | Reached skill level 4 in Translocations
 12816 | Lair:3   | Noticed Sonja
 12828 | Lair:3   | Killed Sonja
 12828 | Lair:3   | Reached skill level 8 in Invocations
 12829 | Lair:3   | Reached skill level 8 in Dodging
 12852 | Lair:3   | Reached skill level 9 in Transmutations
 13359 | Lair:4   | Found a staircase to the Snake Pit.
 13432 | Lair:4   | Slain by an eight-headed hydra

Vault maps used:
D:1:      dpeg_arrival_court
D:2:      chequers_ecumenical_altar_lobes
D:3:      makhleb_grotto_becter, uniq_grinder
D:4:      mumra_celtic_spiral_tile, minitemple, first_ration
D:5:      minmay_misc_feat_tower, uniq_eustachio
D:6:      minmay_temple_entry_trees
D:7:      uniq_menkaure
D:8:      overflow_temple_1_default, fedhas_altar_4, uniq_prince_ribbit1,
          uniq_grum
D:9:      minmay_the_grid_octo_triangle, kennysheep_little_box,
          nicolae_qazlal_eye_of_the_storm
D:10:     cheibrodos_wizards_tower
D:11:     cheibrodos_elevator_heist, lair_entry_dummy, uniq_snorg, uniq_psyche,
          uniq_nergalle
Lair:1:   serial_bayou_shore_b
Lair:2:   shoals_dummy_entry, ebering_ghost_xom, minivault_19,
          beast_lair_carwin_10, uniq_harold
Lair:3:   beast_lair_carwin_4, uniq_sonja
Lair:4:   guppyfry_snake_entry_island, serial_bayou_shore_b

Skill      XL: |  1  2  3  4  5  6  7  8  9 10 11 12 13 |
---------------+----------------------------------------+-----
Unarmed Combat | 4 5 6 8 10 11 12 13 14 | 14.3
Transmutations | 3 4 5 7 8 9 |  9.0
Poison Magic   | 1 2 |  2.0
Spellcasting   | 3 4 5 |  5.0
Ice Magic      | 1 2 3 4 |  4.0
Invocations    | 1 3 4 5 6 7 8 |  8.1
Fighting       | 2 4 6 7 8 |  8.6
Dodging        | 3 4 6 7 8 |  8.2
Throwing       | 2 4 5 6 |  6.6
Charms         | 1 2 |  2.8
Necromancy     | 1 2 |  2.6
Hexes          | 3 4 |  4.0
Translocations | 2 4 |  4.0

Action                   |  1- 3 |  4- 6 |  7- 9 | 10-12 | 13-15 || total
-------------------------+-------+-------+-------+-------+-------++-------
Melee: Unarmed           |    18 |    48 |   354 |   400 |   124 ||   944
       Short sword       |    88 |    35 |       |       |       ||   123
       Kick              |     3 |       |       |       |       ||     3
       Headbutt          |     3 |       |       |       |       ||     3
       Punch             |       |       |       |    20 |    10 ||    30
Throw: Stone             |       |       |       |     4 |       ||     4
       Tomahawk          |       |       |       |     4 |       ||     4
       Javelin           |       |       |       |     2 |       ||     2
 Cast: Beastly Appendage |     3 |       |       |       |       ||     3
       Sticks to Snakes  |       |     3 |       |       |       ||     3
       Spider Form       |       |     2 |    17 |     9 |       ||    28
       Ice Form          |       |     1 |    11 |    14 |     1 ||    27
       Blade Hands       |       |       |       |    18 |     9 ||    27
       Regeneration      |       |       |       |     3 |     3 ||     6
Invok: Slouch            |       |       |       |     1 |     3 ||     4
 Abil: Hop               |     1 |     2 |     1 |     2 |     1 ||     7
       End Transformatio |       |       |     2 |    10 |     2 ||    14
Evoke: Wand              |       |       |       |       |     4 ||     4
  Use: Scroll            |       |     9 |     4 |     7 |     1 ||    21
       Potion            |       |     2 |     3 |     3 |       ||     8
 Stab: Sleeping          |       |     1 |     1 |     6 |       ||     8
       Invisible         |       |       |       |     1 |       ||     1
  Eat: Chunk             |     3 |     8 |    14 |    15 |     6 ||    46
       Ration            |       |       |       |     1 |       ||     1
Armor: Robe              |    39 |     8 |       |       |       ||    47
       Leather armour    |       |     1 |    37 |       |       ||    38
       Skin              |       |       |    25 |     9 |     5 ||    39
       Animal skin       |       |       |       |    29 |       ||    29
       Ring mail         |       |       |       |     5 |    21 ||    26
Dodge: Dodged            |    89 |    41 |   233 |   338 |   106 ||   807

Table legend:
 A = Non-vault XP
 B = Vault XP
 C = Vault XP percentage of total XP
 D = Non-vault monster count
 E = Vault monster count
 F = Vault count percentage of total count
                 A         B        C        D         E       F
            +---------+---------+-------+---------+---------+-------
      Total |   34495 |   14839 |  30.1 |     291 |      48 |  14.2
            +---------+---------+-------+---------+---------+-------
        D:1 |      31 |       0 |   0.0 |      21 |       0 |   0.0
        D:2 |      23 |       0 |   0.0 |      12 |       0 |   0.0
        D:3 |      65 |       0 |   0.0 |      10 |       0 |   0.0
        D:4 |     266 |       0 |   0.0 |      17 |       0 |   0.0
        D:5 |     251 |     202 |  44.6 |       7 |       1 |  12.5
        D:6 |    1675 |       0 |   0.0 |      41 |       0 |   0.0
        D:7 |    1132 |     301 |  21.0 |      17 |       2 |  10.5
        D:8 |    2166 |     807 |  27.1 |      28 |       5 |  15.2
        D:9 |    1431 |    3762 |  72.4 |      20 |      15 |  42.9
       D:10 |     933 |    2621 |  73.7 |      16 |       4 |  20.0
       D:11 |    2780 |    1272 |  31.4 |      20 |       2 |   9.1
     Lair:1 |    2491 |       0 |   0.0 |      11 |       0 |   0.0
     Lair:2 |    3383 |    3972 |  54.0 |      17 |      11 |  39.3
     Lair:3 |    9320 |    1576 |  14.5 |      25 |       6 |  19.4
     Lair:4 |    2763 |     326 |  10.6 |      13 |       2 |  13.3
    Abyss:2 |    5785 |       0 |   0.0 |      16 |       0 |   0.0
            +---------+---------+-------+---------+---------+-------
